 Dungeon Crawl Stone Soup version 0.28-a0-691-gad6df49e81 (webtiles) character file.

Game seed: 14706614416990785789

115 cheechan the Bolt Thrower (level 5, -1/35 HPs)
             Began as an Octopode Hunter on Oct 20, 2021.
             Slain by an ice beast (2 damage)
             ... on level 3 of the Dungeon.
             The game lasted 00:11:06 (2930 turns).

cheechan the Bolt Thrower (Octopode Hunter)         Turns: 2930, Time: 00:11:07

Health: -1/35      AC:  1    Str: 11    XL:     5   Next: 0%
Magic:  0/5        EV: 13    Int: 13    God:
Gold:   85         SH:  0    Dex: 14    Spells: 3/4 levels left

rFire   . . .      SeeInvis .   a - +1 hand crossbow
rCold   . . .      Faith    .   (no shield)
rNeg    . . .      Spirit   +   (helmet restricted)
rPois   .          Reflect  .   m - amulet of guardian spirit
rElec   .          Harm     .   (no ring)
rCorr   .          Rampage  .   (no ring)
Will    .....                   (no ring)
Stlth   +++.......              (no ring)
HPRegen 0.11/turn               (no ring)
MPRegen 0.09/turn               (no ring)
                                (no ring)
                                (no ring)

@: no status effects
A: almost no armour, amphibious, 8 rings, camouflage 1, gelatinous body 1,
(nimble swimmer 1), tentacles
a: no special abilities


You were on level 3 of the Dungeon.
You visited 1 branch of the dungeon, and saw 3 of its levels.

You collected 85 gold pieces.

Inventory:

Hand Weapons
 a - a +1 hand crossbow (weapon)
 b - a +0 short sword
Missiles
 c - 9 bolts (quivered ammo)
 d - 87 stones
 f - 26 poisoned darts
 g - 50 arrows
 i - 13 sling bullets
 k - 6 boomerangs
Jewellery
 m - an amulet of guardian spirit (around mantle)
Scrolls
 h - 2 scrolls of teleportation
Potions
 e - 2 potions of lignification
 j - a potion of cancellation
 l - a potion of ambrosia {unknown}
 n - 2 potions of curing
 o - a potion of heal wounds {unknown}


   Skills:
 + Level 2.6 Fighting
 + Level 0.2 Short Blades
 + Level 5.3 Crossbows
 + Level 2.4 Dodging
 + Level 2.8 Stealth


You had 3 spell levels left.
You knew the following spells:

 Your Spells              Type           Power      Damage    Failure   Level
a - Foxfire               Conj/Fire      0%         2x1d4     30%         1

Your spell library contained the following spells:

 Spells                   Type           Power      Damage    Failure   Level
 Magic Dart               Conj           0%         1d3       30%         1
 Searing Ray              Conj           0%         2d4       43%         2
 Conjure Flame            Conj/Fire      0%         6-21      67%         3
 Gell's Gravitas          Tloc           0%         N/A       67%         3
 Inner Flame              Hex/Fire       0%         N/A       67%         3
 Lesser Beckoning         Tloc           0%         N/A       67%         3
 Teleport Other           Tloc           0%         N/A       67%         3
 Flame Wave               Conj/Fire      0%         3d3       97%         4
 Fulminant Prism          Conj/Hex       0%         3d6       97%         4


Dungeon Overview and Level Annotations

Branches:
Dungeon (3/15)

Altars:

Shops:
D:1 (


Innate Abilities, Weirdness & Mutations

You cannot wear most types of armour.
You are amphibious.
You can wear up to eight rings at the same time.
Your skin changes colour to match your surroundings (Stealth+).
Your rubbery body absorbs attacks. (AC +1, EV +1)
((You are camouflaged near water. (Stealth+)))
You have tentacles for arms and can constrict up to eight enemies at once.


Message History

Really attack while wielding your +1 hand crossbow?
Okay, then.
There are monsters nearby!
Fire: 14 bolts
Press: ? - help, Q - select action, (/) - cycle Shift-Dir - straight line, f - ice beast
Aim: an ice beast (66% to hit)
You shoot a bolt. The bolt hits the ice beast.
The ice beast is lightly wounded.
The ice beast closely misses you.
Fire: 13 bolts
Press: ? - help, Q - select action, (/) - cycle Shift-Dir - straight line, f/p - ice beast
Aim: an ice beast (lightly wounded, 66% to hit)
You shoot a bolt. The bolt closely misses the ice beast.
The ice beast hits you. The ice beast freezes you!
Fire: 12 bolts
Press: ? - help, Q - select action, (/) - cycle Shift-Dir - straight line, f/p - ice beast
Aim: an ice beast (lightly wounded, 66% to hit)
You shoot a bolt. The bolt closely misses the ice beast.
The bolt barely misses the bat.
The ice beast closely misses you.
Fire: 11 bolts
Press: ? - help, Q - select action, (/) - cycle Shift-Dir - straight line, f/p - ice beast
Aim: an ice beast (lightly wounded, 66% to hit)
You shoot a bolt.
The bolt hits the ice beast but does no damage.
The ice beast is lightly wounded.
The ice beast hits you. The ice beast freezes you!
Welcome back, cheechan the Octopode Hunter.
Press ? for a list of commands and other information.
Fire: 10 bolts
Press: ? - help, Shift-Dir - straight line, f - ice beast
Aim: an ice beast (lightly wounded, 66% to hit)
You shoot a bolt. The bolt hits the ice beast!
The ice beast is heavily wounded.
The ice beast hits you.
* * * LOW HITPOINT WARNING * * *
The ice beast freezes you!
* * * LOW HITPOINT WARNING * * *
The ice beast hits you.
You die...

#.# #.#.#
#......# #.#
#.#.# ##.#..#.
#.# #.#.#
###.#..# #.#
#.#.# #.##.#..
#.# #.#.#
#..##.#. #.#
#.#b# ##..##.#
#.# #.#.#
#....##. #.#
#.#.########
#.##..##
####.#
#.#bY@.....#
###..).#
#....#
#.########.#
#...##..
#.#### #.....#
#.# #.###...
#.#### #..<#.#
#.# ###...##
#....####.##.#
#.# #...###.
####.##....#.#
#.# #.###.#.
#.##.####.#
#.####'#.#..#
#.......#.#
#....#.#..#.#
####.##.#.#
#.##....#.###


You could see an ice beast and a bat.

Vanquished Creatures
  3 adders
  An adder skeleton (D:2)
  2 worms (D:2)
  3 dart slugs
  4 orcs (D:3)
  6 bats
  3 endoplasms
  A giant cockroach (D:3)
  8 goblins
  5 hobgoblins
  9 jackals
  A quokka (D:1)
  7 ball pythons
  3 frilled lizards
  3 kobolds
  8 rats
67 creatures vanquished.

Vanquished Creatures (others)
  A foxfire (D:3)
1 creature vanquished.

Grand Total: 68 creatures vanquished

Notes
Turn   | Place    | Note
-------+----------+-------------------------------------------
     0 | D:1      | cheechan the Octopode Hunter began the quest for the Orb.
     0 | D:1      | Reached XP level 1. HP: 14/14 MP: 1/1
     0 | D:1      | Noticed a spriggan
     1 | D:1      | Noticed a ghoul
     1 | D:1      | Noticed a gargoyle
     3 | D:1      | Noticed a merfolk
     3 | D:1      | Noticed a vine stalker
     5 | D:1      | Noticed a draconian
     6 | D:1      | Noticed a troll
     7 | D:1      | Noticed an octopode
    14 | D:1      | Noticed a ghoul
    17 | D:1      | Noticed a naga
    17 | D:1      | Noticed a vine stalker
    19 | D:1      | Noticed a tengu
    19 | D:1      | Noticed a dwarf
    21 | D:1      | Noticed a demigod
    21 | D:1      | Noticed a dwarf
    25 | D:1      | Noticed a dwarf
    67 | D:1      | Found Anic's Weapon Shoppe.
    85 | D:1      | Reached XP level 2. HP: 7/19 MP: 2/2
   608 | D:1      | Reached XP level 3. HP: 24/24 MP: 3/3
   668 | D:1      | Noticed a floating eye
   669 | D:1      | Found a faded altar of an unknown god.
   677 | D:1      | Noticed a golden eye
   677 | D:1      | Noticed a floating eye
   677 | D:1      | Noticed a golden eye
   857 | D:1      | Learned a level 1 spell: Foxfire
  1192 | D:2      | HP: 1/24 [adder (2)]
  1497 | D:2      | Reached skill level 5 in Crossbows
  1565 | D:2      | Reached XP level 4. HP: 29/29 MP: 4/4
  2891 | D:3      | Reached XP level 5. HP: 35/35 MP: 5/5
  2905 | D:3      | Noticed an ice beast
  2930 | D:3      | HP: 1/35 [ice beast (9)]
  2930 | D:3      | Slain by an ice beast

Illustrated notes

Levels and vault maps discovered:
D:1:      shiori_arrival_whats_in_store_for_you, layout_rooms, serial_shops,
          shop, hellmonk_ecumenical_altar_watching_god
D:2:      layout_loops_ring
D:3:      minmay_razor_zed, layout_basic

Skill      XL: |  1  2  3 |
---------------+----------+-----
Crossbows      | 5 |  5.3
Stealth        | 2 |  2.8
Fighting       | |  2.6
Short Blades   | |  0.2
Dodging        | |  2.4

Action                   |  1- 3 |  4- 6 || total
-------------------------+-------+-------++-------
Melee: Short sword       |    17 |    31 ||    48
       Tentacles         |     2 |     9 ||    11
       Constrict         |     1 |    13 ||    14
 Fire: Hand crossbow     |    85 |    35 ||   120
 Cast: Foxfire           |       |     1 ||     1
  Use: Scroll            |     2 |     3 ||     5
       Potion            |     2 |       ||     2
 Stab: Sleeping          |     2 |     2 ||     4
Armor: Skin              |     3 |     8 ||    11
Dodge: Dodged            |    50 |    40 ||    90

Table legend: (Time is in decaauts)
 A = Elapsed time spent in this place.
 B = Non-inter-level travel time spent in this place.
 C = Inter-level travel time spent in this place.
 D = Time resting spent in this place.
 E = Time spent auto-exploring this place.
 F = Levels seen in this place.
 G = Mean time per level.
                   A        B        C        D        E       F      G
               +--------+--------+--------+--------+--------+-----+--------+
         Total |   2961 |   2961 |      0 |    989 |      0 |   3 |  987.0 |
       Dungeon |   2961 |   2961 |      0 |    989 |      0 |   3 |  987.0 |
               +--------+--------+--------+--------+--------+-----+--------+

Top non-repeatable levels by time:
     D:2: 1058 daAuts
     D:3: 990 daAuts
     D:1: 912 daAuts
